 Dungeon Crawl Stone Soup version 0.31-a0-844-gdc52ec4e09 (webtiles) character file.

Game seed: 10929569780244798080

33384 porpoise the Slicer (level 13, -4/67 HPs)
             Began as a Vine Stalker Enchanter on Sept 30, 2023.
             Was a Believer of Ashenzari.
             Killed by divine providence
             ... invoked by a meliai
              (9 damage)
             ... on level 4 of the Lair of Beasts.
             The game lasted 01:26:09 (13779 turns).

porpoise the Slicer (Vine Stalker Enchanter)       Turns: 13779, Time: 01:26:10

Health: -4/67      AC: 12    Str: 12    XL:     13   Next: 70%
Magic:  0/24       EV: 19    Int: 19    God:    Ashenzari [**....]
Gold:   832        SH:  0    Dex: 15    Spells: 14/26 levels left

rFire   . . .        a - +6 quick blade (drain)
rCold   . . .        (no shield)
rNeg    . . .        N - +0 acid dragon scales of the Unyielding Gaze {rCorr, Self, Comp} (curse)
rPois   .            j - +0 helmet of Ashenzari's Moon {Alch, Cun} (curse)
rElec   .            I - +1 cloak
rCorr   +            i - +0 pair of gloves of Ashenzari's Oracle {Cun, Range} (curse)
SInv    +            v - +1 pair of boots of the Mantic Servitude {Fort, Cun} (curse)
Will    ++...        q - amulet of magic regeneration
Stlth   ++           e - +5 ring of evasion
HPRegen 1.11/turn    M - ring of willpower
MPRegen 0.59/turn

%: guardian spirit
@: confused, about to teleport, ambrosia-drunk
A: fangs 3, regeneration 1, magic shield, antimagic bite, no potion heal 2
a: Renounce Religion, Curse Item, Shatter the Chains


You were on level 4 of the Lair of Beasts.
You worshipped Ashenzari.
Ashenzari was pleased with you.
You visited 3 branches of the dungeon, and saw 15 of its levels.
You also visited: Sewer.

You collected 832 gold pieces.

Inventory:

Hand Weapons
 a - a +6 quick blade of draining (weapon)
 d - a -1 demon whip of venom
Missiles
 h - 6 poisoned darts
 r - 3 atropa-tipped darts (quivered)
 x - 6 boomerangs
 L - a curare-tipped dart
Armour
 i - the cursed +0 pair of gloves of Ashenzari's Oracle (worn) {Cun, Range}
   (You found it on level 3 of the Dungeon)

   It has a curse which improves the following skills: Cunning: Dodging and
   Stealth.
   Ranged Combat: Ranged Weapons and Throwing.
 j - the cursed +0 helmet of Ashenzari's Moon (worn) {Alch, Cun}
   (You found it on level 1 of the Dungeon)

   It has a curse which improves the following skills: Alchemy: Poison Magic and
   Transmutations.
   Cunning:   Dodging and Stealth.
 v - the cursed +1 pair of boots of the Mantic Servitude (worn) {Fort, Cun}
   (You found it on level 2 of the Dungeon)

   It has a curse which improves the following skills: Fortitude: Armour and
   Shields.
   Cunning:   Dodging and Stealth.
 I - a +1 cloak (worn)
 N - the cursed +0 acid dragon scales of the Unyielding Gaze (worn) {rCorr, Self, Comp}
   (You took it off Maggie on level 7 of the Dungeon)

   rCorr:     It protects you from acid and corrosion.
   It has a curse which improves the following skills: Introspection: Fighting
   and Spellcasting.
   Companions: Summonings and Necromancy.
Jewellery
 e - a +5 ring of evasion (left hand)
 o - a ring of protection from fire
 q - an amulet of magic regeneration (around neck)
 s - a +6 ring of dexterity
 M - a ring of willpower (right hand)
 X - a ring of resist corrosion
Wands
 g - a wand of flame (11)
 D - a wand of mindburst (18)
 T - a wand of iceblast (8)
Scrolls
 b - a scroll of teleportation
 m - a scroll of enchant weapon
 n - a scroll of brand weapon
 y - a scroll of revelation
 P - a scroll of poison
 R - a scroll of vulnerability
 V - a scroll of silence
Potions
 c - 5 potions of invisibility
 f - 4 potions of mutation
 l - 6 potions of curing
 p - a potion of enlightenment
 t - 7 potions of brilliance
 u - 3 potions of lignification
 w - 3 potions of resistance
 z - a potion of haste
 A - a potion of berserk rage
 C - 2 potions of cancellation
 Q - a potion of attraction
 W - a potion of might
Miscellaneous
 G - a condenser vane (inert)


   Skills:
 - Level 5.8(7.0) Fighting
 + Level 13.0 Short Blades
 - Level 5.2(7.5) Dodging
 + Level 11.6(13.9) Stealth
 - Level 5.8(7.0) Spellcasting
 - Level 10.0 Hexes
 - Level 7.0 Translocations
 - Level 5.0 Ice Magic


You had 14 spell levels left.
You knew the following spells:

 Your Spells              Type           Power      Damage    Failure   Level
a - Confusing Touch       Hex            44%        N/A       1%          3
b - Dimensional Bullseye  Hex/Tloc       19%        N/A       4%          4
e - Ensorcelled Hibernat  Hex/Ice        70%        N/A       1%          2
t - Tukima's Dance        Hex            44%        N/A       1%          3

Your spell library contained the following spells:

 Spells                   Type           Power      Damage    Failure   Level
 Sigil of Binding         Hex            44%        N/A       1%          3
 Dazzling Flash           Conj/Hex       50%        N/A       6%          3
 Necrotise                Necr           28%        1d5       14%         1
 Magic Dart               Conj           24%        1d4       16%         1
 Leda's Liquefaction      Hex/Erth       12%        N/A       19%         4
 Call Imp                 Summ           14%        N/A       22%         2
 Sublimation of Blood     Necr           7%         N/A       22%         2
 Wereblood                Tmut           7%         N/A       22%         2
 Iskenderun's Mystic Bla  Conj/Tloc      19%        2d6       34%         4
 Call Canine Familiar     Summ           7%         N/A       41%         3
 Mephitic Cloud           Conj/Pois/Air  6%         N/A       41%         3
 Vampiric Draining        Necr           7%         2d6       41%         3
 Agony                    Necr           7%         N/A       99%         5
 Alistair's Intoxication  Tmut/Pois      4%         N/A       99%         5
 Borgnjor's Vile Clutch   Necr/Erth      3%         N/A       99%         5
 Eringya's Noxious Bog    Tmut/Pois      3%         4d6       100%        6
 Summon Hydra             Summ           3%         N/A       100%        7


Dungeon Overview and Level Annotations

Branches:
Dungeon (10/15)            Temple (1/1) D:7            Lair (4/5) D:8
  Swamp (0/4) Lair:3        Snake (0/4) Lair:3        Sewer (visited)
  Slime: Lair:4-5       Orc: D:9-12

Altars:
Ashenzari
Cheibriados
Dithmenos
Elyvilon
Fedhas
Gozag
Hepliaklqana
Kikubaaqudgha
Makhleb
Nemelex Xobeh
Okawaru
Qazlal
Ru
Sif Muna
Trog
Uskayaw
Vehumet
Wu Jian
Xom
Yredelemnul
Zin
The Shining One

Shops:
D:2 *

Annotations:
D:6 exclusions: electric eel and 7 more exclusions


Innate Abilities, Weirdness & Mutations

You have razor-sharp teeth.
Your natural rate of healing is unusually fast.
When hurt, damage is shared between your health and your magic reserves.
Your bite disrupts and absorbs the magic of your enemies.
Potions cannot restore your health.


Message History

You hear a loud, deep croak!
The meliai calls down the wrath of its god upon you.
Something smites you!
You hit the meliai but do no damage. Your bite misses the meliai.
You hit the meliai. You bite the meliai. You drain its power.
You feel invigorated.
The meliai is moderately wounded.
The meliai closely misses you. The meliai stings you.
The meliai calls down the wrath of its god upon you.
Something smites you!
* * * LOW HITPOINT WARNING * * *
The meliai misses you.
The meliai stings you but does no damage.
You hit the meliai. You drain the meliai. Your bite misses the meliai.
You hit the meliai. Your bite misses the meliai.
The meliai is severely wounded.
A bullfrog comes into view.
The meliai completely misses you. x2
You hit the meliai but do no damage. You hit the meliai. You drain the meliai.
The meliai is almost dead.
The meliai mumbles some strange prayers to its god against you.
Something smites you!
* * * LOW HITPOINT WARNING * * *
As you read the scroll of fear, it crumbles to dust.
You assume a fearsome visage.
The meliai looks frightened!
The killer bee looks frightened!
The meliai looks frightened!
The bullfrog looks frightened!
The cane toad looks frightened!
The meliai invokes the aid of its god against you.
Something smites you!
* * * LOW HITPOINT WARNING * * *
As you read the scroll of teleportation, it crumbles to dust.
You feel strangely unstable. The killer bee barely misses you.
Cornered, the killer bee turns to fight!
Okay, then.
You are confused.
Your system rejects the healing.
You feel invigorated. The killer bee completely misses you.
The killer bee closely misses you.
The meliai invokes the aid of its god against you.
Something smites you!
You die...

.........+....#..!y.!#
<.⌠..⌠........#...yy†#
...........#..#yyyy..#
.........#.#..#yyy.y.#
⌠..##########.#yyyy..#
..... #y.#..#{†.†y.#
..... #.....{{..y†!#
#... +.....########..
F..#....yy@......#
...+Fy..###yP.##..# ..
#....# ##### . .......
........ .......
.......


You could see a cane toad (fleeing), a queen bee (wandering), a meliai (fleeing,
drained) and 3 killer bees.

Vanquished Creatures
  A catoblepas (Lair:3)
  6 death yaks
  Amaemon (Lair:2)
  2 skysharks
  Pikel (D:7)
  A manticore (D:8)
  An ugly thing (D:8)
  A salamander (Lair:3)
  14 elephants
  4 black mambas
  An orange demon (Lair:2)
  9 cane toads
  An efreet (D:8)
  Jeremiah (D:7)
  Maggie (D:7)
  5 komodo dragons
  3 tyrant leeches (Lair:3)
  A meliai (Lair:4)
  13 blink frogs
  2 hornets
  A dream sheep (Lair:3)
  Sigmund (D:5)
  A vampire (D:10)
  3 wyverns
  A shadow (D:8)
  19 yaks
  A basilisk (Lair:2)
  A steam dragon (D:9)
  Menkaure (D:7)
  4 acid dragons
  A swamp worm (Lair:3)
  10 water moccasins
  4 orc warriors (D:9)
  3 black bears
  4 ice beasts
  3 sky beasts
  6 wolves (Lair:1)
  3 centaurs
  A phantom (D:5)
  6 kobold brigands
  Blork the orc (D:6)
  10 bullfrogs
  4 gnoll sergeants
  3 scorpions
  4 wights
  28 killer bees
  3 howler monkeys
  2 lava snakes (Lair:3)
  2 hounds
  Crazy Yiuf (D:5)
  An orc priest (D:9)
  2 sleepcaps (D:6)
  6 orc wizards
  3 iguanas
  22 gnolls
  8 adders
  3 river rats
  A shadow imp (D:6)
  A white imp (D:7)
  2 ufetubi
  3 worms (Sewer)
  2 dart slugs
  23 orcs
  13 ball pythons
  12 endoplasms
  3 giant cockroaches
  5 goblins
  10 hobgoblins
  11 jackals
  15 kobolds
  6 quokkas
  6 bats
  7 frilled lizards
  13 rats
379 creatures vanquished.

Vanquished Creatures (collateral kills)
  A kobold brigand (Sewer)
1 creature vanquished.

Vanquished Creatures (others)
  A dancing weapon (Sewer)
1 creature vanquished.

Grand Total: 381 creatures vanquished

Notes
Turn   | Place    | Note
-------+----------+-------------------------------------------
     0 | D:1      | porpoise the Vine Stalker Enchanter began the quest for the
                  | Orb.
     0 | D:1      | Reached XP level 1. HP: 9/9 MP: 4/4
    41 | D:1      | Reached skill level 1 in Short Blades
    83 | D:1      | Reached XP level 2. HP: 13/13 MP: 6/6
    86 | D:1      | Learned a level 2 spell: Ensorcelled Hibernation
   784 | D:2      | Reached XP level 3. HP: 15/16 MP: 5/8
   945 | D:2      | Learned a level 3 spell: Confusing Touch
  1065 | D:2      | Reached skill level 2 in Short Blades
  1067 | D:2      | Identified the +1 ring mail of the Beekeeper {*Corrode
                  | rN+++ Will- Slay+5}
  1085 | D:2      | Identified the +2 leather armour "Trusted Companion"
                  | {rElec}
  1145 | D:2      | Found Heungyru's General Store.
  1287 | D:2      | Reached XP level 4. HP: 20/21 MP: 6/9
  1485 | D:2      | Learned a level 3 spell: Tukima's Dance
  1501 | D:3      | Identified a scroll of acquirement
  1501 | D:3      | Acquired a +2 quick blade of draining
  1571 | D:3      | Reached skill level 1 in Ice Magic
  1838 | D:3      | Found a shimmering altar of Xom.
  1941 | D:3      | Found an ornate altar of the Wu Jian Council.
  1984 | D:3      | Noticed a spectral centipede
  1984 | D:3      | Noticed a spectral black mamba
  1984 | D:3      | Noticed a spectral cane toad
  2099 | D:3      | Reached XP level 5. HP: 19/24 MP: 2/10
  2329 | D:4      | Found a glowing drain.
  2335 | Sewer    | Entered a sewer
  2359 | Sewer    | Noticed a kobold brigand
  2359 | Sewer    | Noticed a kobold brigand
  2413 | Sewer    | Killed a kobold brigand
  2414 | Sewer    | Reached skill level 3 in Short Blades
  2418 | Sewer    | Killed a kobold brigand
  2419 | Sewer    | Reached XP level 6. HP: 28/28 MP: 1/11
  3032 | Sewer    | Reached skill level 4 in Short Blades
  3065 | Sewer    | Reached XP level 7. HP: 32/32 MP: 10/13
  3750 | D:5      | Entered Level 5 of the Dungeon
  3814 | D:5      | Reached skill level 5 in Short Blades
  3814 | D:5      | Reached skill level 5 in Hexes
  3822 | D:5      | Found a blossoming altar of Fedhas.
  3998 | D:5      | Noticed Sigmund
  4005 | D:5      | Killed Sigmund
  4006 | D:5      | Gained mutation: You have razor-sharp teeth. [Vine Stalker
                  | growth]
  4006 | D:5      | Reached XP level 8. HP: 36/36 MP: 15/15
  4051 | D:5      | Found a bloodstained altar of Trog.
  4094 | D:5      | Found a glowing silver altar of Zin.
  4109 | D:5      | Identified the +8 long sword of the Blessed Realm {heavy,
                  | Fragile rCorr Int+3 Dex+3}
  4130 | D:5      | Reached skill level 6 in Short Blades
  4225 | D:5      | Reached skill level 5 in Spellcasting
  4357 | D:5      | Found a runed translucent door.
  4358 | D:5      | Noticed Crazy Yiuf
  4363 | D:5      | Killed Crazy Yiuf
  4501 | D:6      | Found a broken altar of Ashenzari.
  4508 | D:6      | Became a worshipper of Ashenzari the Shackled
  4554 | D:6      | Reached skill level 5 in Stealth
  4554 | D:6      | Reached XP level 9. HP: 39/39 MP: 17/17
  4579 | D:6      | Noticed Blork the orc
  4588 | D:6      | Killed Blork the orc
  4875 | D:6      | Reached skill level 7 in Short Blades
  5079 | D:6      | Found a sparkling altar of Nemelex Xobeh.
  5082 | D:6      | Found a shimmering blue altar of Sif Muna.
  5542 | D:7      | Noticed Pikel
  5561 | D:7      | Killed Pikel
  5746 | D:7      | Found a basalt altar of Yredelemnul.
  5768 | D:7      | Noticed Maggie
  5777 | D:7      | Killed Maggie
  5807 | D:7      | Learned a level 4 spell: Dimensional Bullseye
  5890 | D:7      | Noticed Jeremiah
  5913 | D:7      | Killed Jeremiah
  5914 | D:7      | Reached skill level 1 in Translocations
  6061 | D:7      | Reached skill level 8 in Short Blades
  6069 | D:7      | Reached XP level 10. HP: 43/45 MP: 17/19
  6090 | D:7      | Found a staircase to the Ecumenical Temple.
  6094 | D:7      | Reached skill level 1 in Fighting
  6282 | D:7      | Noticed Menkaure
  6286 | D:7      | Killed Menkaure
  6536 | D:7      | Reached * piety under Ashenzari
  6840 | D:8      | Noticed a death yak
  6840 | D:8      | Noticed a death yak
  6862 | D:7      | Killed a death yak
  6865 | D:8      | Noticed a death yak
  6903 | Temple   | Entered the Ecumenical Temple
  7003 | D:7      | Killed a death yak
  7032 | D:7      | Killed a death yak
  7033 | D:7      | Reached skill level 9 in Short Blades
  7061 | D:8      | Found a staircase to the Lair.
  7170 | D:8      | Found a sacrificial altar of Ru.
  7262 | D:8      | Noticed a manticore
  7263 | D:8      | Noticed a white ugly thing
  7263 | D:8      | Noticed a boulder beetle
  7263 | D:8      | Identified the +6 great mace of World Downfall {antimagic,
                  | Dex+3 Stlth+}
  7263 | D:8      | Identified the +10 broad axe "Qujo" {pain, Int+3}
  7314 | D:8      | Reached skill level 5 in Translocations
  7355 | D:8      | Found a radiant altar of Vehumet.
  7526 | D:9      | Reached XP level 11. HP: 55/55 MP: 11/20
  7943 | D:9      | Reached skill level 5 in Ice Magic
  8028 | D:9      | Identified the +6 mace "Beastbane" {freeze, rN+ rCorr}
  8258 | D:9      | Reached skill level 10 in Short Blades
  8576 | D:10     | Entered Level 10 of the Dungeon
  8682 | D:10     | Found a burning altar of Makhleb.
  8693 | D:10     | Found an ancient bone altar of Kikubaaqudgha.
  8785 | D:10     | Found an iron altar of Okawaru.
  9004 | D:10     | Found a stormy altar of Qazlal.
  9406 | D:8      | Killed a white ugly thing
  9613 | D:8      | Killed a manticore
  9743 | D:8      | Found a hide-covered altar of Uskayaw.
  9899 | Lair:1   | Entered Level 1 of the Lair of Beasts
  9976 | Lair:1   | Found a stormy altar of Qazlal.
 10106 | Lair:1   | Reached skill level 10 in Hexes
 10106 | Lair:1   | Reached XP level 12. HP: 58/60 MP: 21/21
 10106 | Lair:1   | Reached ** piety under Ashenzari
 10418 | Lair:1   | Reached skill level 11 in Short Blades
 11030 | Lair:2   | Noticed Amaemon
 11035 | Lair:2   | Killed Amaemon
 11036 | Lair:2   | Reached skill level 5 in Dodging
 11781 | Lair:2   | Noticed a skyshark
 11788 | Lair:2   | Killed a skyshark
 11827 | Lair:2   | Reached skill level 12 in Short Blades
 11832 | Lair:2   | Reached XP level 13. HP: 63/63 MP: 24/24
 12391 | Lair:3   | Found a staircase to the Swamp.
 12394 | Lair:3   | Reached skill level 5 in Fighting
 12712 | Lair:3   | Found a staircase to the Snake Pit.
 12726 | Lair:3   | Reached skill level 10 in Stealth
 13340 | Lair:3   | You fall into a shaft and drop 1 floor!
 13761 | Lair:4   | Reached skill level 13 in Short Blades
 13777 | Lair:4   | HP: 3/67 [meliai/divine providence (11)]
 13779 | Lair:4   | Killed from afar by a meliai

Illustrated notes

Levels and vault maps discovered:
D:1:      nzn_arrival_crosshair, layout_basic, serial_aquarium,
          aquarium_bridge_square [aquarium_subvault_window,
          aquarium_subvault_bridge, aquarium_subvault_bridge,
          aquarium_subvault_wall], aquarium_bridge_straight
          [aquarium_subvault_bridge, aquarium_subvault_balcony,
          aquarium_subvault_bridge, aquarium_subvault_balcony],
          aquarium_window_1, aquarium_window_1, aquarium_window_1,
          aquarium_window_fake, aquarium_view_2a, aquarium_balcony_5a,
          kennysheep_nondescript, minmay_lizard_pond
D:2:      layout_rooms, serial_shops, shop
D:3:      layout_rooms, overflow_temple_1_default,
          pdpol_wu_jian_five_deadly_venoms, nrook_uturn, minmay_surrounded
D:4:      layout_rooms, portal_sewer_entry_e
D:5:      layout_basic, mainiacjoe_overflow_boulevard,
          lemuel_coloured_pillars_altar, mainiacjoe_overflow_six_doors_small,
          grunt_tough_drop, uniq_crazy_yiuf_cottage, uniq_sigmund
D:6:      layout_gridville, nicolae_overflow_squiral, evilmike_ruin_ashenzari,
          chequers_serial_rivers_micro_d, uniq_blork_the_orc
D:7:      layout_layer_cave, mainiacjoe_overflow_tiny_flanked, temple_statues,
          amcnicky_mini_pool_small, st_stairs_7, uniq_pikel, uniq_maggie,
          uniq_menkaure, uniq_jeremiah
D:8:      minmay_the_grid_triangle_9x9_recursive_2
          [minmay_the_grid_triangle_9x9_prize_insulated,
          minmay_the_grid_triangle_9x9_limited_checkers,
          minmay_the_grid_triangle_9x9_shrine,
          minmay_the_grid_triangle_9x9_odd_lines], layout_gridville,
          mainiacjoe_overflow_catwalk, vehumet_altar_wand_db,
          mainiacjoe_overflow_paths, dpeg_lair_monsters, chequers_garden
D:9:      minmay_four_partial_circles, layout_basic
D:10:     wander_river, layout_basic, overflow_temple_1_default,
          okawaru_altar_gauntlet_db, bloody_makhleb, grunt_qazlal_sundering
Temple:   nicolae_temple_ecumenical_triangle
Lair:1:   layout_regular_city, basic_altar, st_stairs_11, lemuel_fruit_fields
Lair:2:   layout_regular_city, nicolae_lair_grazing_beasts
          [nicolae_sub_lair_graze_edge, nicolae_sub_lair_graze_edge,
          nicolae_sub_lair_graze_edge, nicolae_sub_lair_graze_edge],
          uniq_amaemon
Lair:3:   layout_hall_layers, minmay_swamp_entry_worms,
          nicolae_snake_entry_warm_welcome, st_stairs_3,
          minmay_shattered_shrine, lemuel_fruit_tree, lemuel_fruit_fields
Lair:4:   layout_small_grid, slime_entry_1, special_room [special_room_bee],
          grunt_megastairs_3, infiniplex_staircase_pool_2

Skill      XL: |  1  2  3  4  5  6  7  8  9 10 11 12 13 |
---------------+----------------------------------------+-----
Short Blades   | 1 2 3 4 5 6 8 9 10 12 13 | 13.0
Ice Magic      | 1 3 5 |  5.0
Spellcasting   | 3 4 5 |  5.8
Hexes          | 4 5 6 7 8 10 | 10.0
Stealth        | 5 7 9 11 | 11.6
Translocations | 2 5 7 |  7.0
Fighting       | 4 5 |  5.8
Dodging        | 3 5 |  5.2

Action                     |  1- 3 |  4- 6 |  7- 9 | 10-12 | 13-15 || total
---------------------------+-------+-------+-------+-------+-------++-------
  Melee: Dagger            |    87 |     4 |       |       |       ||    91
         Bite              |    17 |    35 |    88 |   377 |   173 ||   690
         Quick blade       |       |   180 |   271 |   946 |   424 ||  1821
         Punch             |       |     1 |     2 |    19 |     6 ||    28
  Throw: Dart              |       |    12 |     1 |    11 |       ||    24
   Cast: Ensorcelled Hiber |     2 |    16 |    17 |    57 |     2 ||    94
         Tukima's Dance    |       |     2 |       |       |       ||     2
         Confusing Touch   |       |     1 |     6 |     7 |     3 ||    17
         Dimensional Bulls |       |       |       |     2 |       ||     2
 Invoke: Curse Item        |       |       |     1 |     3 |       ||     4
  Evoke: Wand              |       |       |       |       |     4 ||     4
         Condenser vane    |       |       |       |       |     1 ||     1
    Use: Scroll            |       |    14 |     4 |     7 |     2 ||    27
         Potion            |       |       |       |     3 |     1 ||     4
   Stab: Sleeping          |     6 |    13 |    15 |    38 |     5 ||    77
         Confused          |       |       |     4 |    12 |     2 ||    18
 Armour: Robe              |    25 |    45 |    55 |       |       ||   125
         Acid dragon scale |       |       |     6 |   274 |   106 ||   386
  Dodge: Dodged            |    71 |    99 |   101 |   457 |   141 ||   869

Table legend: (Time is in decaauts)
 A = Elapsed time spent in this place.
 B = Non-inter-level travel time spent in this place.
 C = Inter-level travel time spent in this place.
 D = Time resting spent in this place.
 E = Time spent auto-exploring this place.
 F = Levels seen in this place.
 G = Mean time per level.
                   A        B        C        D        E       F      G
               +--------+--------+--------+--------+--------+-----+--------+
         Total |  13736 |  13267 |    469 |   2041 |   7660 |  16 |  858.5 |
       Dungeon |   8821 |   8461 |    360 |   1082 |   5219 |  10 |  882.1 |
        Temple |     79 |     79 |      0 |     78 |      0 |   1 |   79.0 |
          Lair |   3723 |   3615 |    108 |    714 |   1876 |   4 |  930.8 |
         Sewer |   1112 |   1112 |      0 |    167 |    564 |   1 | 1112.0 |
               +--------+--------+--------+--------+--------+-----+--------+

Top non-repeatable levels by time:
  Lair:2: 1468 daAuts
     D:7: 1466 daAuts
     D:9: 1129 daAuts
   Sewer: 1112 daAuts
     D:6: 1101 daAuts
  Lair:1: 1034 daAuts
     D:1: 899 daAuts
     D:8: 839 daAuts
  Lair:3: 823 daAuts
    D:10: 809 daAuts
     D:2: 697 daAuts
     D:5: 656 daAuts
     D:3: 643 daAuts
     D:4: 577 daAuts
  Lair:4: 397 daAuts
